 Dungeon Crawl Stone Soup version 0.29-a0-22-gbf593b16ee (webtiles) character file.

Game seed: 5469217726170349193

67553 fragbeetle the Basher (level 14, -5/143 HPs)
             Began as a Troll Berserker on Jan 29, 2022.
             Was a High Priest of Trog.
             Slain by an ice devil (14 damage)
             ... summoned by an orc high priest
             ... on level 2 of the Orcish Mines.
             The game lasted 01:10:02 (21081 turns).

fragbeetle the Basher (Troll Berserker)            Turns: 21081, Time: 01:10:02

Health: -5/143     AC:  4    Str: 28    XL:     14   Next: 83%
Magic:  0/13       EV: 15    Int:  5    God:    Trog [*****.]
Gold:   2436       SH:  0    Dex: 11    Spells: 13/13 levels left

rFire   . . .      SeeInvis .   K - +5 flail (elec)
rCold   . . .      Faith    .   (no shield)
rNeg    . . .      Spirit   +   P - +2 steam dragon scales
rPois   .          Reflect  .   (helmet restricted)
rElec   .          Harm     .   E - +0 cloak
rCorr   .          Rampage  .   (gloves unavailable)
Will    ++...                   (boots unavailable)
Stlth   +.........              n - amulet of guardian spirit
HPRegen 1.13/turn               U - ring of willpower
MPRegen 0.13/turn               s - +4 ring of evasion

@: corroded, on berserk cooldown, slowed, very slow
A: large, unfitting armour, claws 3, regeneration 1, shaggy fur 1, tough skin 1
a: Renounce Religion, Berserk, Trog's Hand, Brothers in Arms


You were on level 2 of the Orcish Mines.
You worshipped Trog.
Trog was extremely pleased with you.
You visited 3 branches of the dungeon, and saw 19 of its levels.
You also visited: Bailey and Ice Cave.

You collected 2436 gold pieces.

Inventory:

Hand Weapons
 A - a +0 giant spiked club of protection
 F - the +0 hand axe of Midnight {venom, rPois rC+ Will+ Int+3}
   (You found it on level 7 of the Dungeon)

   It poisons the flesh of those it strikes.
   Int:       It affects your intelligence (+3).
   rC:        It protects you from cold.
   rPois:     It protects you from poison.
   Will:      It increases your willpower.
 K - a +5 flail of electrocution (weapon)
Missiles
 l - 6 curare-tipped darts
 t - 3 boomerangs of dispersal
 v - 16 boomerangs (quivered)
 B - 2 throwing nets
 H - 30 poisoned darts
 I - 17 datura-tipped darts
Armour
 E - a +0 cloak (worn)
 P - +2 steam dragon scales (worn)
Jewellery
 n - an amulet of guardian spirit (around neck)
 s - a +4 ring of evasion (right claw)
 y - a +6 ring of intelligence
 U - a ring of willpower (left claw)
Wands
 a - a wand of mindburst (2)
 b - a wand of iceblast (8)
 e - a wand of polymorph (2)
 u - a wand of charming (4)
 N - a wand of acid (8)
 R - a wand of flame (2)
Scrolls
 f - a scroll of brand weapon
 g - 2 scrolls of magic mapping
 i - 4 scrolls of teleportation
 j - 2 scrolls of enchant armour
 k - 2 scrolls of vulnerability
 o - 3 scrolls of fog
 q - 4 scrolls of identify
 r - a scroll of summoning
 w - a scroll of blinking
 x - 2 scrolls of enchant weapon
 G - 2 scrolls of immolation
 M - 2 scrolls of torment
 T - 2 scrolls of holy word
Potions
 c - a potion of resistance
 d - 6 potions of flight
 h - 9 potions of curing
 m - 2 potions of haste
 p - 3 potions of magic
 C - 2 potions of attraction
 D - 3 potions of might
 L - 2 potions of mutation
 O - 5 potions of lignification
 V - 2 potions of cancellation
Miscellaneous
 J - a condenser vane (inert)
 Q - a phantom mirror (inert)
 S - a lightning rod (2/4)


   Skills:
 + Level 10.1 Fighting
 - Level 14.0 Maces & Flails
 * Level 11.5 Throwing
 * Level 9.6 Armour
 - Level 5.0 Dodging
 * Level 5.9 Evocations


You had 13 spell levels left.
You didn't know any spells.
Your spell library contained the following spells:

 Spells                   Type           Power      Damage    Failure   Level
 Magic Dart               Conj           0%         1d3       47%         1
 Call Imp                 Summ           0%         N/A       63%         2
 Mephitic Cloud           Conj/Pois/Air  0%         N/A       85%         3
 Tukima's Dance           Hex            0%         N/A       85%         3
 Passage of Golubria      Tloc           0%         N/A       99%         4
 Yara's Violent Unravell  Hex/Tmut       0%         3d3       100%        5


Dungeon Overview and Level Annotations

Branches:
Dungeon (11/15)            Temple (0/1) D:4            Lair (6/6) D:10
  Swamp (0/4) Lair:2       Spider (0/4) Lair:2        Slime (0/5) Lair:6
    Orc (2/2) D:11         Bailey (visited)           IceCv (visited)
    Elf: Orc:2

Altars:
Ashenzari
Cheibriados
Elyvilon
Fedhas
Kikubaaqudgha
Okawaru
Ru
Sif Muna
Wu Jian
Yredelemnul
Zin
The Shining One

Annotations:
D:5 1 runed translucent door
D:6 digscroll
D:8 exclusion: oklob plant
Lair:2 3 runed translucent doors, mcgeepi's ghost, journeyman OpTm
Lair:6 exclusion: oklob plant


Innate Abilities, Weirdness & Mutations

You are too large for most types of armour.
You have claws for hands.
Your natural rate of healing is unusually fast.
You are covered in fur. (AC +1)
You have tough skin. (AC +1)


Message History

Your troll is almost dead.
Your troll disappears in a puff of smoke!
The orc warrior completely misses you.
The orc warrior hits you with a +0 short sword!
The ice devil barely misses you.
The orc warrior hits you with a +0 vampiric long sword!
* * * LOW HITPOINT WARNING * * *
The rust devil barely misses you.
The orc high priest invokes the aid of Beogh against you.
You resist with almost no effort.
The orc high priest mumbles some strange prayers to Beogh against you.
Beogh smites you!
* * * LOW HITPOINT WARNING * * *
The rust devil hits you. The rust devil corrodes you!
You see here a +0 trident.
The orc warrior misses you.
The orc warrior hits you but does no damage.
The rust devil hits you.
* * * LOW HITPOINT WARNING * * *
The rust devil corrodes you!
The orc high priest calls down the wrath of Beogh upon you.
Beogh smites you!
* * * LOW HITPOINT WARNING * * *
Things that are here:
a +0 plate armour; a +0 great sword The ice devil hits you.
* * * LOW HITPOINT WARNING * * *
The ice devil freezes you!
* * * LOW HITPOINT WARNING * * *
There is a stone staircase leading up, spattered with blood here.
Items here: ))) [[[.
You feel much better. The orc warrior closely misses you.
The ice devil hits you!
* * * LOW HITPOINT WARNING * * *
The ice devil freezes you!
* * * LOW HITPOINT WARNING * * *
The orc warrior barely misses you. The rust devil completely misses you.
The ice devil hits you but does no damage.
The rust devil misses you. The ice devil hits you!
You die...

..#......## )....#....##
.).......#.## ### .###
....##..#...###.###..# #######
.................#...# ###.....#
................###..####........
...............#.#...##..........
......#..........4...#...ยง.......
.....#......)[.[@oo..#.#.#.#.#.#)
....#..[.....[.)#4.).....).))....
....[...[..[.#[#)o.........))....
........)......[)..........).....
...............[[....#.#.#.#.#.#.
................#....#...........
.............[..#....##..........
.......#..#.....#....####........
.....................# ###.....#


You could see an orc high priest, an ice devil (summoned), a rust devil
(summoned) and 2 orc warriors.

Vanquished Creatures
  Nessos (Lair:4)
  Josephine (D:10)
  A boulder beetle (D:11)
  The ghost of Anonymone the Envoy of Void, a journeyman DsAK of Lugonu (Lair:3)
  A two-headed ogre (D:10)
  9 hydras
  An anaconda (Lair:6)
  An alligator (Lair:6)
  A tengu warrior (D:11)
  An orc high priest (Orc:2)
  7 death yaks
  Sonja (Lair:5)
  Pikel (D:4)
  3 orc knights (Orc:2)
  2 orc sorcerers (Orc:1)
  2 manticores
  2 ugly things
  Maurice (D:10)
  15 elephants
  A centaur zombie (D:11)
  3 black mambas
  3 torpor snails (Lair:6)
  10 cane toads
  Psyche (D:10)
  Maggie (D:7)
  A gargoyle (D:11)
  6 rime drakes
  20 komodo dragons
  6 polar bears
  5 trolls
  A tarantella (Lair:2)
  15 blink frogs
  4 dream sheep (Lair:6)
  3 hornets (Lair:6)
  A vampire (D:6)
  12 spriggans (Lair:6)
  Eustachio (D:4)
  A shadow (D:10)
  5 wraiths
  26 yaks
  Sigmund (D:4)
  A wyvern (Lair:3)
  6 basilisks
  11 vampire mosquitoes
  A steam dragon (Lair:6)
  A warg (Orc:1)
  Duvessa (D:3)
  18 water moccasins
  4 black bears (Lair:6)
  19 orc warriors
  An ice beast (D:4)
  6 ogres
  4 boggarts (Lair:6)
  33 wolves
  3 centaurs
  2 phantoms
  3 lemures (D:4)
  8 kobold brigands
  10 bullfrogs
  3 scorpions
  A wyvern skeleton (D:5)
  A water moccasin skeleton (D:4)
  Dowan (D:3)
  13 wights
  4 howler monkeys
  A vampire bat (D:5)
  2 electric eels (Lair:2)
  A bullfrog zombie (D:6)
  A bullfrog skeleton (D:6)
  A hound (D:7)
  A lava snake (D:10)
  4 jellies
  28 orc priests
  2 centaur skeletons
  2 scorpion zombies (D:5)
  Ijyb (D:4)
  Natasha (thrice) (D:4)
  12 iguanas
  10 orc wizards
  A killer bee zombie (D:8)
  A hound skeleton (D:4)
  A howler monkey zombie (D:9)
  A howler monkey skeleton (D:6)
  3 adders
  6 gnolls
  12 white imps
  An adder skeleton (D:4)
  3 worms
  75 orcs
  6 bats
  A bat skeleton (D:5)
  4 bat zombies (D:5)
  9 endoplasms
  A giant cockroach (D:4)
  7 goblins
  3 hobgoblins
  A quokka (D:1)
  6 ball pythons
  2 frilled lizards (D:5)
  A jackal skeleton (D:5)
  30 kobolds
  3 rats
581 creatures vanquished.

Vanquished Creatures (collateral kills)
  An orc high priest (Orc:2)
  A troll (Orc:1)
  5 orc warriors
  An ogre (Orc:1)
  2 orc priests (Orc:2)
  6 orcs (Orc:1)
16 creatures vanquished.

Vanquished Creatures (others)
  A white imp (Lair:2)
  An orc (Orc:1)
  14 fungi
  42 plants
  13 toadstools (D:8)
71 creatures vanquished.

Grand Total: 668 creatures vanquished

Notes
Turn   | Place    | Note
-------+----------+-------------------------------------------
     0 | D:1      | fragbeetle the Troll Berserker began the quest for the Orb.
     0 | D:1      | Reached XP level 1. HP: 22/22 MP: 0/0
     6 | D:1      | Found a faded altar of an unknown god.
   289 | D:1      | You fall into a shaft and drop 1 floor!
   322 | D:2      | Reached skill level 3 in Maces & Flails
   329 | D:2      | Reached XP level 2. HP: 20/29 MP: 1/1
  1474 | D:3      | Reached XP level 3. HP: 36/36 MP: 2/2
  1482 | D:3      | Found a broken altar of Ashenzari.
  2104 | D:4      | Noticed a lemure
  2104 | D:4      | Noticed a lemure
  2199 | D:4      | Reached skill level 4 in Maces & Flails
  2199 | D:4      | Reached XP level 4. HP: 28/45 MP: 3/3
  2244 | D:4      | Reached XP level 5. HP: 53/53 MP: 4/4
  2319 | D:4      | Reached ** piety under Trog
  2344 | D:4      | Noticed Dowan
  2356 | D:4      | Noticed Duvessa
  2524 | D:3      | Reached skill level 5 in Maces & Flails
  2713 | D:4      | Noticed an ogre
  2724 | D:4      | Killed an ogre
  2725 | D:4      | Reached XP level 6. HP: 62/62 MP: 5/5
  2762 | D:4      | Found a staircase to the Ecumenical Temple.
  2861 | D:4      | Noticed Pikel
  2952 | D:4      | Noticed Sigmund
  3042 | D:3      | Killed Duvessa
  3053 | D:3      | Killed Dowan
  3230 | D:3      | Reached skill level 6 in Maces & Flails
  3230 | D:3      | Reached XP level 7. HP: 48/70 MP: 4/6
  3270 | D:4      | Killed Pikel
  3271 | D:4      | Reached skill level 7 in Maces & Flails
  3309 | D:4      | Reached XP level 8. HP: 79/79 MP: 7/7
  3360 | D:4      | Killed Sigmund
  3361 | D:4      | Reached skill level 5 in Fighting
  3682 | D:4      | Noticed Natasha
  3693 | D:4      | Killed Natasha
  3736 | D:4      | Noticed Natasha
  3741 | D:4      | Killed Natasha
  3750 | D:4      | Noticed Natasha
  3760 | D:4      | Killed Natasha
  3860 | D:5      | Entered Level 5 of the Dungeon
  3860 | D:5      | Noticed Eustachio
  3903 | D:5      | Noticed Ijyb
  3914 | D:4      | Killed Ijyb
  3966 | D:5      | Reached skill level 8 in Maces & Flails
  4066 | D:4      | Killed Eustachio
  4356 | D:5      | Reached skill level 9 in Maces & Flails
  4438 | D:5      | Found a runed translucent door.
  4442 | D:5      | Found a basalt altar of Yredelemnul.
  4678 | D:5      | Found a shimmering blue altar of Sif Muna.
  4749 | D:5      | Found an ancient bone altar of Kikubaaqudgha.
  4761 | D:5      | Reached XP level 9. HP: 89/89 MP: 8/8
  5212 | D:6      | Reached *** piety under Trog
  5708 | D:6      | Found a glowing silver altar of Zin.
  5975 | D:7      | Found a flagged portal.
  5991 | D:7      | Reached skill level 10 in Maces & Flails
  5993 | D:7      | Identified the +0 hand axe of Midnight {venom, rPois rC+
                  | Will+ Int+3}
  6027 | Bailey   | Entered a bailey
  6213 | Bailey   | Reached skill level 1 in Throwing
  6294 | Bailey   | Found a burning altar of Makhleb.
  6500 | D:7      | Found a white marble altar of Elyvilon.
  6847 | D:7      | Noticed Maggie
  6864 | D:7      | Killed Maggie
  6865 | D:7      | Reached XP level 10. HP: 90/96 MP: 6/9
  6997 | D:7      | Found an ornate altar of the Wu Jian Council.
  7489 | D:8      | Found a blossoming altar of Fedhas.
  7509 | D:8      | Noticed an oklob plant
  7581 | D:8      | Noticed a red ugly thing
  7595 | D:8      | Killed a red ugly thing
  7596 | D:8      | Reached skill level 11 in Maces & Flails
  7604 | D:8      | Found a glowing golden altar of the Shining One.
  8516 | D:9      | Reached skill level 1 in Armour
  8725 | D:10     | Entered Level 10 of the Dungeon
  9021 | D:10     | Noticed Psyche
  9029 | D:10     | Killed Psyche
  9030 | D:10     | Reached skill level 5 in Throwing
  9030 | D:10     | Noticed Maurice
  9049 | D:10     | Killed Maurice
  9136 | D:10     | Noticed a two-headed ogre
  9151 | D:10     | Killed a two-headed ogre
  9334 | D:10     | Reached XP level 11. HP: 70/110 MP: 5/10
  9379 | D:10     | Found a large runed translucent door.
  9380 | D:10     | Found a large runed translucent door.
  9394 | D:10     | Found a snail-covered altar of Cheibriados.
  9428 | D:10     | Found a sacrificial altar of Ru.
  9462 | D:10     | Found an iron altar of Okawaru.
  9484 | D:10     | Reached **** piety under Trog
  9549 | D:10     | Noticed Josephine
  9568 | D:10     | Killed Josephine
  9709 | D:10     | Found a staircase to the Lair.
 10032 | D:11     | Noticed a seven-headed hydra
 10037 | D:11     | Killed a seven-headed hydra
 10038 | D:11     | Reached skill level 12 in Maces & Flails
 10287 | D:11     | Noticed a boulder beetle
 10390 | D:11     | Killed a boulder beetle
 10459 | D:11     | Found a staircase to the Orcish Mines.
 10508 | D:11     | Noticed a tengu warrior
 10516 | D:11     | Killed a tengu warrior
 10774 | D:11     | Reached ***** piety under Trog
 10884 | D:11     | Reached skill level 5 in Armour
 10993 | D:11     | Noticed a brown ugly thing
 11002 | D:11     | Killed a brown ugly thing
 11317 | Lair:1   | Entered Level 1 of the Lair of Beasts
 11500 | Lair:1   | Noticed a five-headed hydra
 11519 | Lair:1   | Killed a five-headed hydra
 11520 | Lair:1   | Reached XP level 12. HP: 37/122 MP: 4/11
 12675 | Lair:2   | Noticed a five-headed hydra
 12700 | Lair:2   | Killed a five-headed hydra
 12727 | Lair:2   | Found a runed translucent gate.
 12727 | Lair:2   | Found a runed translucent gate.
 12727 | Lair:2   | Found a runed translucent gate.
 12728 | Lair:2   | Noticed mcgeepi's ghost (journeyman OpTm)
 12802 | Lair:2   | Noticed a death yak
 12831 | Lair:2   | Reached skill level 13 in Maces & Flails
 12851 | Lair:2   | Received a gift from Trog
 12886 | Lair:2   | Found a frozen archway.
 12901 | IceCv    | Entered an ice cave
 13369 | Lair:2   | Noticed a six-headed hydra
 13414 | Lair:2   | Killed a six-headed hydra
 13528 | Lair:2   | Found a hole to the Spider Nest.
 13766 | Lair:2   | Found a staircase to the Swamp.
 14091 | Lair:2   | Reached skill level 1 in Evocations
 14207 | Lair:3   | Noticed a five-headed hydra
 14220 | Lair:3   | Killed a five-headed hydra
 14270 | Lair:3   | Reached XP level 13. HP: 131/131 MP: 10/12
 14711 | Lair:3   | Found a runed translucent door.
 14712 | Lair:3   | Noticed Anonymone's ghost (journeyman DsAK)
 15262 | Lair:3   | Killed Anonymone's ghost
 15386 | Lair:4   | Received a gift from Trog
 15579 | Lair:4   | Noticed Nessos
 15598 | Lair:4   | Killed Nessos
 16537 | Lair:5   | Noticed Sonja
 16764 | Lair:5   | Reached skill level 14 in Maces & Flails
 16778 | Lair:5   | Reached skill level 10 in Throwing
 17006 | Lair:5   | Killed Sonja
 17007 | Lair:5   | Reached XP level 14. HP: 131/140 MP: 11/13
 17556 | Lair:6   | Entered Level 6 of the Lair of Beasts
 17742 | Lair:6   | Found a staircase to the Slime Pits.
 18509 | Lair:6   | Paralysed by a hornet for 3 turns
 18857 | Lair:6   | Reached skill level 5 in Evocations
 18955 | Lair:6   | Paralysed by a hornet for 2 turns
 19262 | Lair:6   | Reached skill level 5 in Dodging
 19745 | Lair:1   | Upgraded the game from 0.29-a0-11-ga75d3d97ab to
                  | 0.29-a0-22-gbf593b16ee
 19797 | Orc:1    | Entered Level 1 of the Orcish Mines
 19867 | Orc:1    | Reached skill level 10 in Fighting
 20256 | Orc:2    | Entered Level 2 of the Orcish Mines
 21079 | Orc:2    | HP: 2/143 [ice devil[an orc high priest] (16)]
 21081 | Orc:2    | Slain by an ice devil

Illustrated notes

Levels and vault maps discovered:
D:1:      minmay_arrival_arboretum_large, layout_loops_corners,
          chequers_ecumenical_altar_simple
D:2:      layout_basic, grunt_decor_fettered, minmay_misc_feat_x
D:3:      layout_basic, ashenzari_altar_1
D:4:      layout_layer_cave, temple_pool_b, st_stairs_14, dk_noncrumbling_4,
          uniq_duvessa, uniq_sigmund, uniq_natasha, uniq_pikel
D:5:      layout_cave_pools, kennysheep_vampire_church, general_overflow_altar,
          dk_yredelemnul_ordeal, lexackson_kobold_supper, uniq_eustachio,
          uniq_ijyb
D:6:      layout_basic, zin_scriptorium
D:7:      layout_basic, mainiacjoe_overflow_surrounded_room,
          nicolae_elyvilon_peaceful_grove, enter_bailey_2,
          hangedman_decor_slide_cut, uniq_maggie
D:8:      layout_loops_cross, mainiacjoe_overflow_concentric_impassable,
          tgw_fedhas
D:9:      layout_roguey, minivault_25_ag, item_on_display_a
D:10:     layout_gridville, okawaru_ov_weapons_minmay, jmf_multi_god_temple2,
          david_lair_shrubbed, moated_statue, grunt_decor_junction,
          small_statue_alley_a, uniq_maurice, uniq_psyche, uniq_josephine
D:11:     layout_irregular_city, hiddenorc2_lemuel
Lair:1:   layout_cave_pods, infiniplex_staircase_pool, grunt_megastairs_2
Lair:2:   beast_lair_carwin_large_4, layout_gridlike, minmay_swamp_entry_swarm,
          spider_nest_entry_rubble, portal_ice_cave_entry_imps,
          gammafunk_ghost_split
Lair:3:   layout_loops_ring, gammafunk_ghost_grave, serial_bayou_shore_a
Lair:4:   layout_cave_pods, uniq_nessos
Lair:5:   layout_gridlike, serial_bayou_shore_b, uniq_sonja
Lair:6:   minmay_lair_end_enchanted_forest, layout_big_grid,
          nicolae_slime_entry_slimehenge, minmay_lair_oklob_bushes,
          nicolae_lair_lakeside_cave, lemuel_fruit_fields, lemuel_fruit_tree
Orc:1:    layout_caves, nicolae_orc_crystal_geode
Orc:2:    st_orc_pillars, layout_caves, basic_altar

Skill      XL: |  1  2  3  4  5  6  7  8  9 10 11 12 13 14 |
---------------+-------------------------------------------+-----
Maces & Flails | 3 4 5 6 7 9 10 11 12 13 14 | 14.0
Fighting       | 3 4 6 7 8 9 10 | 10.1
Dodging        | 3 4 5 |  5.0
Throwing       | 3 5 7 9 10 11 | 11.5
Armour         | 3 5 7 8 9 |  9.6
Evocations     | 1 4 5 |  5.9

Action                   |  1- 3 |  4- 6 |  7- 9 | 10-12 | 13-15 || total
-------------------------+-------+-------+-------+-------+-------++-------
Melee: Mace              |   133 |   106 |   139 |       |       ||   378
       Punch             |     1 |     3 |     3 |    10 |    15 ||    32
       Whip              |       |       |   310 |       |       ||   310
       Flail             |       |       |    21 |   837 |   858 ||  1716
Throw: Dart              |       |       |     4 |    10 |     5 ||    19
       Throwing net      |       |       |     1 |       |       ||     1
       Boomerang         |       |       |     2 |     7 |    88 ||    97
Invok: Berserk           |     2 |     4 |    13 |     9 |     6 ||    34
       Trog's Hand       |       |     1 |     4 |     5 |     6 ||    16
       Brothers in Arms  |       |       |       |       |     5 ||     5
Evoke: Wand              |       |       |     1 |     5 |     7 ||    13
       Condenser vane    |       |       |       |     1 |     2 ||     3
       Phantom mirror    |       |       |       |       |     2 ||     2
       Lightning rod     |       |       |       |       |     4 ||     4
  Use: Scroll            |       |       |     1 |    20 |    12 ||    33
       Potion            |       |       |       |       |     4 ||     4
 Stab: Distracted        |       |       |       |     1 |       ||     1
Armor: Animal skin       |    49 |    35 |       |       |       ||    84
       Robe              |       |     2 |   216 |       |       ||   218
       Steam dragon scal |       |       |       |   310 |   238 ||   548
Dodge: Dodged            |    77 |    64 |   278 |   437 |   545 ||  1401

Table legend: (Time is in decaauts)
 A = Elapsed time spent in this place.
 B = Non-inter-level travel time spent in this place.
 C = Inter-level travel time spent in this place.
 D = Time resting spent in this place.
 E = Time spent auto-exploring this place.
 F = Levels seen in this place.
 G = Mean time per level.
                   A        B        C        D        E       F      G
               +--------+--------+--------+--------+--------+-----+--------+
         Total |  20972 |  19732 |   1240 |   2653 |  10739 |  21 |  998.7 |
       Dungeon |  11179 |  10378 |    801 |   1186 |   6145 |  11 | 1016.3 |
          Lair |   8230 |   7818 |    412 |   1108 |   4300 |   6 | 1371.7 |
  Orcish Mines |   1235 |   1208 |     27 |    266 |    293 |   2 |  617.5 |
        Bailey |    322 |    322 |      0 |     93 |      0 |   1 |  322.0 |
      Ice Cave |      4 |      4 |      0 |      0 |      0 |   1 |    4.0 |
               +--------+--------+--------+--------+--------+-----+--------+

Top non-repeatable levels by time:
  Lair:6: 1776 daAuts
     D:4: 1725 daAuts
  Lair:4: 1462 daAuts
  Lair:2: 1441 daAuts
  Lair:1: 1399 daAuts
    D:10: 1366 daAuts
    D:11: 1295 daAuts
     D:7: 1187 daAuts
  Lair:3: 1163 daAuts
     D:3: 1095 daAuts
  Lair:5: 988 daAuts
     D:1: 941 daAuts
     D:6: 932 daAuts
     D:5: 782 daAuts
   Orc:1: 772 daAuts
